[Event "DLM Youth 2024"]
[Site "Tuebingen"]
[Date "2024.10.05"]
[Round "5"]
[White "Abou Wally, Adrian"]
[Black "Uhlmann, Tim"]
[Result "1-0"]
[ECO "C56"]
[WhiteElo "1991"]
[BlackElo "2067"]
[Annotator "RC"]
[PlyCount "83"]
[EventDate "2024.10.03"]
[EventType "team-swiss"]
[EventRounds "7"]
[EventCountry "GER"]
[SourceTitle "playchess.com"]
[Source "ChessBase"]
[SourceQuality "1"]
[TimeControl "40/5400+30:1800+30"]

1. e4 e5 2. Nf3 Nc6 3. Bc4 Bc5 4. c3 Nf6 5. d4 exd4 6. O-O Nxe4 7. cxd4 d5 8. dxc5 dxc4 9. Qe2 Qd3 10. Re1 f5 11. Nc3 O-O 12. Nxe4 fxe4 13. Qxe4 Bf5 14. Qh4 Rae8 15. Bf4 Nd4 16. Nxd4 Qxd4 17. Qg3 Qxb2 18. Be5 Rxe5 19. Qxe5 Qxe5 20. Rxe5 c3 21. Kf1 Bd3+ 22. Ke1 Rd8 23. Rc1 c2 24. Re7 Rc8 25. g4 Kf8 26. Rd7 Bg6 27. Kd2 c6 28. Re1 b6 29. f4 h5 30. f5 Bh7 31. h3 hxg4 32. hxg4 bxc5 33. Kxc2 Rb8 34. Ree7 Bg8 35. Rxa7 Bxa2 36. Rxg7 Bd5 37. f6 c4 38. g5 c5 39. g6 Rb3 40. Rge7 Rg3 41. g7+ Kg8 42. Re8+ 1-0

[Event "DLM Youth 2024"]
[Site "Tuebingen"]
[Date "2024.10.05"]
[Round "5"]
[White "Buchholz, Maja Patricia"]
[Black "Peglau, Paul David"]
[Result "1-0"]
[ECO "A20"]
[WhiteElo "1988"]
[BlackElo "1943"]
[Annotator "RC"]
[PlyCount "119"]
[EventDate "2024.10.03"]
[EventType "team-swiss"]
[EventRounds "7"]
[EventCountry "GER"]
[SourceTitle "playchess.com"]
[Source "ChessBase"]
[SourceQuality "1"]
[TimeControl "40/5400+30:1800+30"]

1. c4 e5 2. g3 Nf6 3. Bg2 c6 4. Nf3 e4 5. Nd4 Qb6 6. Nb3 a5 7. d3 a4 8. N3d2 e3 9. fxe3 Ng4 10. Nf1 d5 11. cxd5 cxd5 12. d4 Qf6 13. Bf3 h5 14. h3 Nh6 15. Nc3 Bb4 16. Qd3 Nc6 17. Bxd5 Nf5 18. Bf3 Qd6 19. Qe4+ Kf8 20. Kf2 h4 21. g4 Ng3 22. Nxg3 Qxg3+ 23. Kf1 a3 24. d5 Bxc3 25. bxc3 Ne5 26. Qf4 Nxf3 27. Qxg3 Nd2+ 28. Bxd2 hxg3 29. Kg2 Ra4 30. Kxg3 Ke7 31. Rhf1 Rd8 32. Rf4 Rxf4 33. exf4 Rxd5 34. Be3 f5 35. Rb1 Kd7 36. Rb3 Ra5 37. Bb6 Ra6 38. Bc5 Kc6 39. Bf8 g6 40. Rxa3 Rxa3 41. Bxa3 Be6 42. Kh4 fxg4 43. hxg4 Bxa2 44. Kg5 Bb1 45. c4 Kd7 46. f5 gxf5 47. gxf5 b6 48. Kg6 Ke8 49. Kf6 Bc2 50. Ke6 Bb3 51. e4 b5 52. Kf6 bxc4 53. Bb4 c3 54. Bxc3 Bf7 55. Bb4 Bg8 56. e5 Bf7 57. e6 Bh5 58. Kg5 Bf7 59. exf7+ Kxf7 60. Bc3 1-0

[Event "DLM Youth 2024"]
[Site "Tuebingen"]
[Date "2024.10.05"]
[Round "5"]
[White "Kauth, Lukas"]
[Black "Windmueller, Simon"]
[Result "0-1"]
[ECO "B26"]
[WhiteElo "1988"]
[BlackElo "2052"]
[Annotator "RC"]
[PlyCount "100"]
[EventDate "2024.10.03"]
[EventType "team-swiss"]
[EventRounds "7"]
[EventCountry "GER"]
[SourceTitle "playchess.com"]
[Source "ChessBase"]
[SourceQuality "1"]
[TimeControl "40/5400+30:1800+30"]

1. e4 c5 2. Nc3 d6 3. Nge2 Nf6 4. g3 Nc6 5. Bg2 g6 6. O-O Bg7 7. d3 O-O 8. Be3 Rb8 9. h3 b5 10. Qd2 b4 11. Nd1 a5 12. f4 Nd7 13. g4 Nd4 14. Nxd4 cxd4 15. Bf2 Qc7 16. b3 Ba6 17. Bh4 f6 18. Nb2 Qc3 19. Qxc3 bxc3 20. Nd1 e5 21. f5 g5 22. Bg3 Rfc8 23. Nf2 Bb7 24. a4 Nc5 25. Rfc1 Rc6 26. Kf1 Rb6 27. Ra3 Bc6 28. Bf3 Be8 29. Bd1 Bf8 30. Ra2 Bf7 31. Ke2 d5 32. Kf3 Rd8 33. Be2 Rc6 34. Bf1 Na6 35. Ke2 Nc5 36. Kf3 dxe4+ 37. dxe4 d3 38. Nxd3 Nxd3 39. Bxd3 Bxb3 40. Raa1 Bc4 41. Ke2 Rd4 42. Bxc4+ Rcxc4 43. Bf2 Rxe4+ 44. Kd3 Rb4 45. Kxc3 Rf4 46. Be3 Rf3 47. Kd2 Rxh3 48. c4 Rb3 49. Ba7 Rb2+ 50. Rc2 Rh2+ 0-1

[Event "DLM Youth 2024"]
[Site "Tuebingen"]
[Date "2024.10.05"]
[Round "5"]
[White "Noennig, Jakob"]
[Black "Kieselbach, Jannik"]
[Result "1-0"]
[ECO "C54"]
[WhiteElo "1986"]
[BlackElo "2014"]
[Annotator "RC"]
[PlyCount "57"]
[EventDate "2024.10.03"]
[EventType "team-swiss"]
[EventRounds "7"]
[EventCountry "GER"]
[SourceTitle "playchess.com"]
[Source "ChessBase"]
[SourceQuality "1"]
[TimeControl "40/5400+30:1800+30"]

1. e4 e5 2. Nf3 Nc6 3. Bc4 Bc5 4. c3 Nf6 5. d4 exd4 6. e5 d5 7. Bb5 Ne4 8. cxd4 Bb6 9. Nc3 O-O 10. Be3 Bg4 11. h3 Bh5 12. Qc2 Nxc3 13. bxc3 Ne7 14. Bd3 Bg6 15. O-O Qd7 16. Nh4 Rac8 17. f4 Bxd3 18. Qxd3 f6 19. g4 fxe5 20. fxe5 Qe6 21. Nf5 Rf7 22. Bg5 Nc6 23. Kg2 Rcf8 24. Rae1 h6 25. Bf6 gxf6 26. Nxh6+ Kh8 27. Nxf7+ Qxf7 28. Rxf6 Qg7 29. Qf5 1-0

[Event "DLM Youth 2024"]
[Site "Tuebingen"]
[Date "2024.10.05"]
[Round "5"]
[White "Geist, Tim"]
[Black "Steinbrenner, Peter"]
[Result "0-1"]
[ECO "B86"]
[WhiteElo "1977"]
[BlackElo "1952"]
[Annotator "RC"]
[PlyCount "84"]
[EventDate "2024.10.03"]
[EventType "team-swiss"]
[EventRounds "7"]
[EventCountry "GER"]
[SourceTitle "playchess.com"]
[Source "ChessBase"]
[SourceQuality "1"]
[TimeControl "40/5400+30:1800+30"]

1. e4 c5 2. Nf3 d6 3. d4 cxd4 4. Nxd4 Nf6 5. Nc3 a6 6. Bc4 e6 7. Bb3 Be7 8. g4 h6 9. Be3 Nbd7 10. Bxe6 fxe6 11. Nxe6 Qa5 12. Nxg7+ Kf7 13. Nf5 Ne5 14. f3 Bxf5 15. gxf5 Rac8 16. Kf1 Qb4 17. Rb1 Qc4+ 18. Kf2 b5 19. Qd4 Qxd4 20. Bxd4 b4 21. Ne2 Rxc2 22. h3 Nh5 23. Ke3 Rhc8 24. Rhd1 R2c7 25. b3 Rc2 26. Bb2 Bg5+ 27. f4 Rxe2+ 28. Kxe2 Nxf4+ 29. Kf1 Ned3 30. Bc1 Ke7 31. Bxf4 Nxf4 32. Rd4 a5 33. Rbd1 Rc6 34. R4d2 Bf6 35. Rf2 Be5 36. h4 Rc3 37. h5 Rh3 38. Kg1 Rxh5 39. Rc2 Bc3 40. Rf1 Bd4+ 41. Rff2 Bxf2+ 42. Rxf2 Nh3+ 0-1

[Event "DLM Youth 2024"]
[Site "Tuebingen"]
[Date "2024.10.05"]
[Round "5"]
[White "Goldmann, David"]
[Black "Klaska, Philipp Leon"]
[Result "0-1"]
[ECO "B34"]
[WhiteElo "1969"]
[BlackElo "2263"]
[Annotator "RC"]
[PlyCount "44"]
[EventDate "2024.10.03"]
[EventType "team-swiss"]
[EventRounds "7"]
[EventCountry "GER"]
[SourceTitle "playchess.com"]
[Source "ChessBase"]
[SourceQuality "1"]
[TimeControl "40/5400+30:1800+30"]

1. e4 c5 2. Nf3 g6 3. d4 cxd4 4. Nxd4 Bg7 5. Be3 Nc6 6. c3 Nf6 7. f3 O-O 8. Bb5 e5 9. Nb3 d5 10. exd5 Nxd5 11. Bc5 Re8 12. O-O Be6 13. N1d2 Qc7 14. Qe2 Nf4 15. Qf2 Bh3 16. Ne4 Bxg2 17. Qh4 Bxf1 18. Rxf1 Qd8 19. Qxd8 Rexd8 20. Nd6 a6 21. Bc4 Rxd6 22. Bxd6 b5 0-1

[Event "DLM Youth 2024"]
[Site "Tuebingen"]
[Date "2024.10.05"]
[Round "5"]
[White "Haug, Mara"]
[Black "Reuter, Elisa"]
[Result "1-0"]
[ECO "B33"]
[WhiteElo "1958"]
[BlackElo "1985"]
[Annotator "RC"]
[PlyCount "73"]
[EventDate "2024.10.03"]
[EventType "team-swiss"]
[EventRounds "7"]
[EventCountry "GER"]
[SourceTitle "playchess.com"]
[Source "ChessBase"]
[SourceQuality "1"]
[TimeControl "40/5400+30:1800+30"]

1. e4 c5 2. Nf3 Nc6 3. d4 cxd4 4. Nxd4 Nf6 5. Nc3 e5 6. Ndb5 d6 7. Bg5 a6 8. Na3 b5 9. Bxf6 gxf6 10. Nd5 f5 11. c3 Bg7 12. exf5 Bxf5 13. Nc2 O-O 14. Nce3 Be6 15. Bd3 f5 16. O-O Ne7 17. Bc2 Nxd5 18. Nxd5 Kh8 19. Bb3 f4 20. f3 Rf5 21. Qe1 Bxd5 22. Bxd5 Ra7 23. a4 bxa4 24. Rxa4 Bf8 25. Kh1 Be7 26. Qf2 Qc7 27. Rfa1 a5 28. b4 Rf8 29. bxa5 Rb8 30. a6 Qc5 31. Qxc5 dxc5 32. Bb7 Bd6 33. Kg1 Kg7 34. Rb1 Kf6 35. Ra2 Ke7 36. Rb6 Bc7 37. Rh6 1-0

[Event "DLM Youth 2024"]
[Site "Tuebingen"]
[Date "2024.10.05"]
[Round "5"]
[White "Bundan, Edward"]
[Black "Voigt, Anastasia"]
[Result "1/2-1/2"]
[ECO "C77"]
[WhiteElo "1952"]
[BlackElo "2037"]
[Annotator "RC"]
[PlyCount "145"]
[EventDate "2024.10.03"]
[EventType "team-swiss"]
[EventRounds "7"]
[EventCountry "GER"]
[SourceTitle "playchess.com"]
[Source "ChessBase"]
[SourceQuality "1"]
[TimeControl "40/5400+30:1800+30"]

1. e4 e5 2. Nf3 Nc6 3. Bb5 a6 4. Ba4 Nf6 5. d3 d6 6. c3 g6 7. O-O Bg7 8. h3 O-O 9. Re1 b5 10. Bc2 Bb7 11. a4 Nb8 12. axb5 axb5 13. Rxa8 Bxa8 14. d4 Nbd7 15. Nbd2 Re8 16. d5 c6 17. c4 bxc4 18. dxc6 Nb6 19. Qe2 Bxc6 20. Nxc4 Nxc4 21. Qxc4 Qa8 22. Bg5 d5 23. exd5 Bxd5 24. Qe2 Qb7 25. Ba4 Rb8 26. Qxe5 Ne4 27. Qe7 Nxg5 28. Nxg5 Qxb2 29. Qd6 Bc4 30. Bc2 Rf8 31. Ba4 Qf6 32. Qxf6 Bxf6 33. Ne4 Bg7 34. Nd6 Be6 35. Ne8 Bc3 36. Re3 Bd4 37. Re4 Bc3 38. Re3 Bb2 39. Re2 Ba1 40. Re1 Bh8 41. Re2 h5 42. f4 Bd4+ 43. Kh2 h4 44. g3 hxg3+ 45. Kxg3 Kh7 46. Re4 Bc3 47. Nc7 Bf5 48. Re8 Kg7 49. Rxf8 Kxf8 50. Nb5 Be1+ 51. Kh2 Bd7 52. Nc3 Be6 53. Ne4 Ke7 54. Bd1 Bd5 55. Ng3 Bd2 56. f5 g5 57. Nh5 Be1 58. Kg1 Kd6 59. Kf1 Bc3 60. Bg4 Ke5 61. Ke2 Be4 62. Ng3 Bc2 63. Kf2 Bd2 64. Ke2 Bf4 65. Kf2 Bxg3+ 66. Kxg3 Bxf5 67. Bh5 Bxh3 68. Kxh3 f5 69. Kg3 Ke4 70. Be2 Ke3 71. Bg4 fxg4 72. Kxg4 Ke4 73. Kxg5 1/2-1/2

[Event "DLM Youth 2024"]
[Site "Tuebingen"]
[Date "2024.10.05"]
[Round "5"]
[White "Bauer, Laura Sophie"]
[Black "Mueller, Riyanna"]
[Result "1/2-1/2"]
[ECO "B01"]
[WhiteElo "1943"]
[BlackElo "2014"]
[Annotator "RC"]
[PlyCount "53"]
[EventDate "2024.10.03"]
[EventType "team-swiss"]
[EventRounds "7"]
[EventCountry "GER"]
[SourceTitle "playchess.com"]
[Source "ChessBase"]
[SourceQuality "1"]
[TimeControl "40/5400+30:1800+30"]

1. e4 d5 2. exd5 Qxd5 3. Nc3 Qd8 4. d4 Nf6 5. Nf3 Bg4 6. Bf4 c6 7. Be2 e6 8. h3 Bxf3 9. Bxf3 Nbd7 10. O-O Be7 11. Qd2 O-O 12. Rad1 Nb6 13. Qe2 Nbd5 14. Nxd5 Nxd5 15. Be5 Bf6 16. c4 Nb6 17. b3 Qe7 18. Rd3 Rfd8 19. Rfd1 a5 20. Bxf6 Qxf6 21. d5 exd5 22. cxd5 cxd5 23. Bxd5 Nxd5 24. Rxd5 Rxd5 25. Rxd5 Qc6 26. Qd2 h6 27. Rd8+ 1/2-1/2

[Event "DLM Youth 2024"]
[Site "Tuebingen"]
[Date "2024.10.05"]
[Round "5"]
[White "Kovalskyy, Alicia"]
[Black "Wartenberg, Alissa"]
[Result "1-0"]
[ECO "C54"]
[WhiteElo "1908"]
[BlackElo "1813"]
[Annotator "RC"]
[PlyCount "61"]
[EventDate "2024.10.03"]
[EventType "team-swiss"]
[EventRounds "7"]
[EventCountry "GER"]
[SourceTitle "playchess.com"]
[Source "ChessBase"]
[SourceQuality "1"]
[TimeControl "40/5400+30:1800+30"]

1. e4 e5 2. Nf3 Nc6 3. Bc4 Bc5 4. c3 Nf6 5. d3 O-O 6. O-O d6 7. h3 h6 8. Re1 Re8 9. Nbd2 a6 10. Bb3 Nh5 11. d4 Ba7 12. Nxe5 dxe5 13. Qxh5 Qf6 14. Re3 Rf8 15. Rf3 Qe7 16. d5 Na5 17. Bc2 b5 18. Rg3 Qc5 19. Rf3 Qd6 20. Nf1 Nc4 21. Rg3 Qf6 22. Ne3 Bxe3 23. Bxe3 Nxb2 24. Bxh6 Re8 25. Bxg7 Qxg7 26. Rxg7+ Kxg7 27. f4 Nc4 28. f5 Bd7 29. Qg5+ Kh7 30. f6 Rg8 31. Qh5# 1-0

[Event "DLM Youth 2024"]
[Site "Tuebingen"]
[Date "2024.10.05"]
[Round "5"]
[White "Bezsonna, Polina"]
[Black "Jacobasch, Ronja"]
[Result "1-0"]
[ECO "B07"]
[WhiteElo "1905"]
[BlackElo "1879"]
[Annotator "RC"]
[PlyCount "83"]
[EventDate "2024.10.03"]
[EventType "team-swiss"]
[EventRounds "7"]
[EventCountry "GER"]
[SourceTitle "playchess.com"]
[Source "ChessBase"]
[SourceQuality "1"]
[TimeControl "40/5400+30:1800+30"]

1. e4 d6 2. d4 Nf6 3. Nc3 g6 4. Be3 Bg7 5. Qd2 O-O 6. O-O-O c6 7. f3 b5 8. Bh6 Qa5 9. h4 b4 10. Nb1 e5 11. Bxg7 Kxg7 12. dxe5 dxe5 13. h5 Ba6 14. hxg6 fxg6 15. Qh6+ Kg8 16. Nh3 Rd8 17. Bxa6 Nxa6 18. Qh4 Rxd1+ 19. Rxd1 Rf8 20. Ng5 Nc5 21. Qg3 Qc7 22. Nd2 Nh5 23. Qh2 Qe7 24. Nh3 Nf4 25. Nxf4 exf4 26. Qg1 Rd8 27. Nc4 Rxd1+ 28. Qxd1 Qd7 29. Ne5 Qe6 30. Qd8+ Kg7 31. Qc7+ Kh6 32. Ng4+ Kg5 33. Qxh7 Nxe4 34. Qxa7 Nf6 35. Qc5+ Nd5 36. Qf2 Ne3 37. Nxe3 fxe3 38. Qg3+ Kh5 39. Qh3+ Qxh3 40. gxh3 Kh4 41. Kd1 Kxh3 42. Ke2 1-0

[Event "DLM Youth 2024"]
[Site "Tuebingen"]
[Date "2024.10.05"]
[Round "5"]
[White "Mukazhanov, Mansur"]
[Black "Sun, Christopher"]
[Result "0-1"]
[ECO "C18"]
[WhiteElo "1894"]
[BlackElo "1711"]
[Annotator "NA RC"]
[PlyCount "99"]
[EventDate "2024.10.03"]
[EventType "team-swiss"]
[EventRounds "7"]
[EventCountry "GER"]
[SourceTitle "playchess.com"]
[Source "ChessBase"]
[SourceQuality "1"]
[TimeControl "40/5400+30:1800+30"]

1. e4 e6 2. d4 d5 3. Nc3 Bb4 4. e5 c5 5. a3 Bxc3+ 6. bxc3 Qa5 7. Bd2 Qa4 8. Qg4 Kf8 9. Qh4 {[%emt 0:05:58] C18: French: 3 Nc3 Bb4: Main line: 7 h4 and 7 Qg4.} Nc6 10. Nf3 Qxc2 11. dxc5 Nge7 12. Qf4 Ng6 $11 13. Qe3 Qb2 14. Rc1 Qxa3 15. Bb5 Qa5 (15... Nge7 $11) 16. Bxc6 bxc6 17. c4 Qc7 18. cxd5 exd5 19. O-O Ba6 20. Rfe1 Re8 21. Qd4 h6 22. Ra1 Bb5 23. Qg4 a6 24. e6 Qc8 25. exf7 Rxe1+ 26. Rxe1 Qxg4 27. Re8+ Kxf7 28. Rxh8 Nxh8 29. Ne5+ Ke7 30. Nxg4 Ng6 31. f4 Ke6 32. g3 d4 33. Nf2 Kd5 34. Ng4 h5 35. Nf2 Kxc5 36. f5 Ne7 37. f6 gxf6 38. Ne4+ Kc4 39. Nxf6 Kd3 40. Ba5 Kc2 41. Bb4 d3 42. Ne4 Nd5 43. Be1 c5 44. Nxc5 d2 45. Bxd2 Kxd2 46. Kg2 Ke3 47. Nxa6 Bxa6 48. g4 hxg4 49. Kg3 Bc8 50. Kg2 0-1

[Event "DLM Youth 2024"]
[Site "Tuebingen"]
[Date "2024.10.05"]
[Round "5"]
[White "Aniol, Nico"]
[Black "Fischer, Darja"]
[Result "1/2-1/2"]
[ECO "B14"]
[WhiteElo "1864"]
[BlackElo "1872"]
[Annotator "NA RC"]
[PlyCount "92"]
[EventDate "2024.10.03"]
[EventType "team-swiss"]
[EventRounds "7"]
[EventCountry "GER"]
[SourceTitle "playchess.com"]
[Source "ChessBase"]
[SourceQuality "1"]
[TimeControl "40/5400+30:1800+30"]

1. e4 c6 2. d4 d5 3. exd5 cxd5 4. c4 Nf6 5. Nc3 e6 6. c5 Be7 7. Nf3 O-O 8. Bd3 Nc6 9. O-O Nd7 10. Bf4 a6 11. a3 f5 12. Qe2 Nf6 13. Bg5 h6 14. Bxf6 Bxf6 15. Rad1 Nxd4 16. Nxd4 Bxd4 17. Bxf5 e5 18. Bc2 Bf5 19. Bb3 Kh8 20. Bxd5 Qc8 21. Qc4 Qxc5 22. Qxc5 Bxc5 23. Bxb7 Rab8 24. Bxa6 Rxb2 25. Na4 Bxf2+ 26. Rxf2 Rxf2 27. Kxf2 Bc2+ 28. Ke2 Bxa4 29. Rc1 Ra8 30. Rc8+ Rxc8 31. Bxc8 Kg8 32. Ke3 Bc6 33. g3 Kf7 34. Bf5 Ke7 35. Be4 Bb5 36. Bc2 Bc6 37. a4 Kd6 38. a5 Kc5 39. Be4 Bd7 40. Bb7 Bf5 41. a6 Kb6 42. Kd2 g5 43. Kc3 Bg6 44. Kc4 Bf7+ 45. Kd3 Bg6+ 46. Ke3 Bf5 1/2-1/2

[Event "DLM Youth 2024"]
[Site "Tuebingen"]
[Date "2024.10.05"]
[Round "5"]
[White "Brunner, Sophia"]
[Black "Roessling, Laura Marie"]
[Result "1-0"]
[ECO "A29"]
[WhiteElo "1863"]
[BlackElo "1624"]
[Annotator "NA RC"]
[PlyCount "133"]
[EventDate "2024.10.03"]
[EventType "team-swiss"]
[EventRounds "7"]
[EventCountry "GER"]
[SourceTitle "playchess.com"]
[Source "ChessBase"]
[SourceQuality "1"]
[TimeControl "40/5400+30:1800+30"]

1. c4 e5 2. g3 Nf6 3. Bg2 Be7 4. Nf3 Nc6 5. O-O O-O 6. Nc3 d6 7. b3 Bf5 8. d4 Rb8 9. Bb2 Re8 10. a3 a6 11. b4 b5 12. cxb5 axb5 13. Rc1 exd4 14. Nxb5 Rxb5 15. Rxc6 Be4 16. Nxd4 Bxc6 17. Bxc6 Rb8 18. Bxe8 Qxe8 19. Nf5 h6 20. Qc2 c5 21. bxc5 dxc5 22. Nxe7+ Qxe7 23. Bxf6 gxf6 24. Rc1 Rd8 25. e3 Qe5 26. Kg2 Qd5+ 27. e4 Qd4 28. Qe2 Re8 29. Rc4 Qd6 30. Qg4+ Kh7 31. Qf5+ Kg7 32. Qxc5 Qxc5 33. Rxc5 Rxe4 34. Kf3 f5 35. Rb5 Kg6 36. Rb4 Re1 37. Kf4 f6 38. h4 h5 39. f3 Ra1 40. a4 Ra3 41. g4 hxg4 42. fxg4 fxg4 43. Kxg4 f5+ 44. Kf4 Rh3 45. Rb6+ Kf7 46. Kg5 Rc3 47. Rf6+ Kg7 48. Rxf5 Rc4 49. Rf4 Rc5+ 50. Kg4 Kg6 51. Rb4 Ra5 52. Kf4 Rh5 53. Ke3 Kf6 54. Kd3 Ke6 55. Rd4 Rc5 56. Rc4 Ra5 57. Kc3 Re5 58. Kb4 Re1 59. Kc5 Re5+ 60. Kc6 Ke7 61. Kb6 Rd5 62. a5 Kd7 63. a6 Rd1 64. Rb4 Rd6+ 65. Kb7 Ke7 66. a7 Rd7+ 67. Ka6 1-0

[Event "DLM Youth 2024"]
[Site "Tuebingen"]
[Date "2024.10.05"]
[Round "5"]
[White "Yin, Vito"]
[Black "Junge, Mattheo Gabriel"]
[Result "0-1"]
[ECO "A16"]
[WhiteElo "1859"]
[BlackElo "1907"]
[Annotator "RC"]
[PlyCount "52"]
[EventDate "2024.10.03"]
[EventType "team-swiss"]
[EventRounds "7"]
[EventCountry "GER"]
[SourceTitle "playchess.com"]
[Source "ChessBase"]
[SourceQuality "1"]
[TimeControl "40/5400+30:1800+30"]

1. c4 Nf6 2. Nc3 g6 3. g3 Bg7 4. Bg2 O-O 5. e3 d6 6. Rb1 a5 7. a3 e5 8. d3 c6 9. b4 axb4 10. axb4 Qc7 11. Nge2 Re8 12. b5 Bf5 13. e4 Be6 14. O-O Nh5 15. Be3 Rf8 16. Ra1 Rxa1 17. Qxa1 f5 18. Qa7 f4 19. Bb6 Qe7 20. f3 fxg3 21. hxg3 c5 22. Na4 Bh6 23. Bh1 Be3+ 24. Kg2 Qg5 25. Nxc5 Nf4+ 26. Nxf4 exf4 0-1

[Event "DLM Youth 2024"]
[Site "Tuebingen"]
[Date "2024.10.05"]
[Round "5"]
[White "Wartenberg, Alexander"]
[Black "Sereda, Yaroslava"]
[Result "0-1"]
[ECO "B32"]
[WhiteElo "1857"]
[BlackElo "1972"]
[Annotator "RC"]
[PlyCount "66"]
[EventDate "2024.10.03"]
[EventType "team-swiss"]
[EventRounds "7"]
[EventCountry "GER"]
[SourceTitle "playchess.com"]
[Source "ChessBase"]
[SourceQuality "1"]
[TimeControl "40/5400+30:1800+30"]

1. e4 c5 2. Nf3 Nc6 3. d4 cxd4 4. Nxd4 e5 5. Nb5 d6 6. N1c3 a6 7. Na3 Be7 8. Nc4 b5 9. Ne3 Nf6 10. Ned5 Be6 11. Nxf6+ Bxf6 12. Be3 O-O 13. Be2 Bg5 14. Qd2 Bxe3 15. fxe3 b4 16. Nd1 Qh4+ 17. Nf2 Rfd8 18. Bf3 Rac8 19. O-O a5 20. Qe2 Ne7 21. Rfd1 Qg5 22. Rd2 Bc4 23. Qe1 Ng6 24. g3 h5 25. Nh3 Qh6 26. Kf2 Be6 27. Ng1 h4 28. Bg2 Rf8 29. Nf3 f5 30. exf5 Bxf5 31. e4 Bxe4 32. Qe3 Bxf3 33. Bxf3 e4 0-1

[Event "DLM Youth 2024"]
[Site "Tuebingen"]
[Date "2024.10.05"]
[Round "5"]
[White "Shevchenko, Igor"]
[Black "Wilmink, Anna"]
[Result "0-1"]
[ECO "E21"]
[WhiteElo "1856"]
[BlackElo "1927"]
[Annotator "RC"]
[PlyCount "72"]
[EventDate "2024.10.03"]
[EventType "team-swiss"]
[EventRounds "7"]
[EventCountry "GER"]
[SourceTitle "playchess.com"]
[Source "ChessBase"]
[SourceQuality "1"]
[TimeControl "40/5400+30:1800+30"]

1. d4 e6 2. c4 b6 3. Nc3 Bb7 4. Nf3 Bb4 5. e3 f5 6. Bd3 Nf6 7. Bd2 O-O 8. Qc2 Bxc3 9. Bxc3 Ne4 10. O-O Rf6 11. d5 Nxc3 12. bxc3 Na6 13. Rad1 Rh6 14. Rfe1 Nc5 15. Bf1 Qf6 16. Nd4 Qh4 17. Nf3 Qh5 18. h3 Qg6 19. Kh1 Qf6 20. Nd4 Rf8 21. Bd3 Nxd3 22. Qxd3 e5 23. Nb5 a6 24. Na3 Qg5 25. Qd2 d6 26. f4 Qg3 27. Rf1 Rff6 28. Qf2 Qg6 29. Nc2 Qf7 30. Ne1 c6 31. Nf3 Qc7 32. Qd2 b5 33. cxb5 cxb5 34. Ng5 Rhg6 35. fxe5 dxe5 36. Ne6 Qd6 0-1

[Event "DLM Youth 2024"]
[Site "Tuebingen"]
[Date "2024.10.05"]
[Round "5"]
[White "Meitzner, Jonathan Franz"]
[Black "Kateryniuk, Ivan"]
[Result "1-0"]
[ECO "C42"]
[WhiteElo "1845"]
[BlackElo "1860"]
[Annotator "NA RC"]
[PlyCount "91"]
[EventDate "2024.10.03"]
[EventType "team-swiss"]
[EventRounds "7"]
[EventCountry "GER"]
[SourceTitle "playchess.com"]
[Source "ChessBase"]
[SourceQuality "1"]
[TimeControl "40/5400+30:1800+30"]

1. e4 e5 2. Nf3 Nf6 3. Nxe5 d6 4. Nf3 Nxe4 5. Nc3 Nxc3 6. dxc3 Be7 7. Be3 Nd7 8. Qd2 O-O 9. O-O-O Nf6 10. Bd3 Be6 11. Kb1 c5 12. Bg5 Qa5 13. a3 b5 14. Qf4 Rab8 15. Qh4 Rfd8 16. Bxh7+ Kf8 17. Be4 b4 18. cxb4 cxb4 19. Bd2 Nh5 20. Ng5 Bxg5 21. Qxg5 Rb5 22. Qe3 Nf6 23. Bd3 Nd5 24. Qd4 Rb6 25. Ka1 Rdb8 26. Rb1 R6b7 27. Bc4 a6 28. Ba2 Nc3 29. Bxc3 bxc3 30. Bxe6 cxb2+ 31. Ka2 fxe6 32. Qxd6+ Kf7 33. Qf4+ Kg8 34. Qe4 Rb6 35. Rhd1 Kh8 36. Rd3 Qc5 37. Rh3+ Kg8 38. Rf3 a5 39. Rb3 Rxb3 40. cxb3 a4 41. Qxa4 Qxf2 42. Rxb2 Qf5 43. Qc4 Rd8 44. Re2 Qg5 45. Qxe6+ Kh8 46. Qe3 1-0

[Event "DLM Youth 2024"]
[Site "Tuebingen"]
[Date "2024.10.05"]
[Round "5"]
[White "Ensslen, Jakob"]
[Black "Mueller, Maximilian"]
[Result "0-1"]
[ECO "A40"]
[WhiteElo "1774"]
[BlackElo "2030"]
[Annotator "RC"]
[PlyCount "62"]
[EventDate "2024.10.03"]
[EventType "team-swiss"]
[EventRounds "7"]
[EventCountry "GER"]
[SourceTitle "playchess.com"]
[Source "ChessBase"]
[SourceQuality "1"]
[TimeControl "40/5400+30:1800+30"]

1. d4 e6 2. Bf4 c5 3. e3 Qb6 4. b3 Nf6 5. Nf3 Nc6 6. c3 d5 7. Nbd2 Be7 8. Bd3 Bd7 9. h4 cxd4 10. exd4 Rc8 11. Rc1 Na5 12. c4 Ba3 13. Rb1 Nc6 14. Be5 Ng4 15. Bxg7 Rg8 16. Be5 Nxf2 17. Kxf2 Nxe5 18. Bxh7 Ng4+ 19. Ke2 Rg7 20. Bc2 Qc7 21. Nf1 dxc4 22. bxc4 Qxc4+ 23. Bd3 Qxa2+ 24. N1d2 Rc3 25. Rxb7 Rxd3 26. Rxd7 Re3+ 27. Kf1 Kxd7 28. Qa4+ Ke7 29. Qxa7+ Kf6 30. g3 Qa1+ 31. Kg2 Re2+ 0-1

[Event "DLM Youth 2024"]
[Site "Tuebingen"]
[Date "2024.10.05"]
[Round "5"]
[White "Bursan, Ana-Maria"]
[Black "Sickmann, Lisa"]
[Result "0-1"]
[ECO "C25"]
[WhiteElo "1769"]
[BlackElo "1946"]
[Annotator "RC"]
[PlyCount "60"]
[EventDate "2024.10.03"]
[EventType "team-swiss"]
[EventRounds "7"]
[EventCountry "GER"]
[SourceTitle "playchess.com"]
[Source "ChessBase"]
[SourceQuality "1"]
[TimeControl "40/5400+30:1800+30"]

1. e4 e5 2. Nc3 Nc6 3. f4 exf4 4. Nf3 g5 5. g3 g4 6. Nh4 f3 7. d4 d6 8. Be3 Nf6 9. Qd2 d5 10. e5 Ne4 11. Nxe4 dxe4 12. O-O-O Qd5 13. a3 b5 14. Bh6 Be6 15. h3 Rd8 16. Bxf8 Rxf8 17. hxg4 Nxd4 18. Nf5 Bxf5 19. gxf5 c6 20. Kb1 Nxf5 21. Qxd5 Rxd5 22. Rxd5 cxd5 23. Bxb5+ Ke7 24. Rxh7 e3 25. Kc1 Nxg3 26. Rg7 Rh8 27. c4 e2 28. cxd5 e1=Q+ 29. Kc2 Rh2+ 30. Kb3 Qxe5 0-1

[Event "DLM Youth 2024"]
[Site "Tuebingen"]
[Date "2024.10.05"]
[Round "5"]
[White "Tu, Audrey"]
[Black "Margaryan, Mane"]
[Result "1-0"]
[ECO "B15"]
[WhiteElo "1722"]
[BlackElo "1493"]
[Annotator "NA RC"]
[PlyCount "53"]
[EventDate "2024.10.03"]
[EventType "team-swiss"]
[EventRounds "7"]
[EventCountry "GER"]
[SourceTitle "playchess.com"]
[Source "ChessBase"]
[SourceQuality "1"]
[TimeControl "40/5400+30:1800+30"]

1. e4 c6 2. d4 g6 3. Nc3 Bg7 4. Be3 d5 5. f3 e6 6. e5 Nd7 7. Bd3 Ne7 8. Qd2 O-O 9. Bh6 c5 10. Bxg7 Kxg7 11. f4 Nc6 12. Nf3 b6 13. Nb5 cxd4 14. Nfxd4 Nxd4 15. Nxd4 a6 16. h4 h5 17. g4 Rh8 18. gxh5 Rxh5 19. Bxg6 Kxg6 20. Qg2+ Kh7 21. Rg1 Qf8 22. Nxe6 Qh8 23. Qg4 Rh6 24. Qf5+ Rg6 25. Qh5+ Kg8 26. Rxg6+ fxg6 27. Qxg6+ 1-0